 Dungeon Crawl Stone Soup version 0.31-a0-799-g6bc09d010c (webtiles) character file.

Game seed: 14856193004396739200

58 Revguard the Ducker (level 3, 0/28 HPs)
             Began as a Demonspawn Gladiator on Sept 19, 2023.
             Succumbed to an adder's poison
             ... on level 2 of the Dungeon.
             The game lasted 00:02:00 (857 turns).

Revguard the Ducker (Demonspawn Gladiator)           Turns: 857, Time: 00:02:00

Health: 0/28       AC: 11    Str: 16    XL:     3   Next: 75%
Magic:  3/3        EV:  8    Int:  9    God:
Gold:   65         SH:  0    Dex: 14    Spells: 2/2 levels left

rFire   . . .        a - +0 war axe
rCold   . . .        (no shield)
rNeg    . . .        f - +0 chain mail
rPois   .            c - +0 helmet
rElec   .            (no cloak)
rCorr   .            (no gloves)
SInv    .            (no boots)
Will    .....        (no amulet) Stlth
                     (no ring)
HPRegen 0.24/turn    (no ring)
MPRegen 0.08/turn

%: no passive effects
@: lethally poisoned (0 -> -5)
A: claws 1, yellow scales 1
a: no special abilities


You were on level 2 of the Dungeon.
You visited 1 branch of the dungeon, and saw 2 of its levels.

You collected 65 gold pieces.

Inventory:

Hand Weapons
 a - a +0 war axe (weapon)
Missiles
 d - 3 throwing nets (quivered)
 e - a javelin
Armour
 b - a +0 leather armour
 c - a +0 helmet (worn)
 f - a +0 chain mail (worn)
Scrolls
 g - a scroll of teleportation {unknown}
 h - a scroll of identify
 i - a scroll of blinking {unknown}
 j - a scroll of fear {unknown}
 l - a scroll of revelation {unknown}
Potions
 k - a potion of mutation
 m - a potion of might


   Skills:
 * Level 2.5 Fighting
 * Level 3.0 Axes
 - Level 1.7 Throwing
 * Level 1.1 Armour
 * Level 3.1 Dodging
 + Level 1.0 Invocations
 + Level 0.9 Evocations


You had 2 spell levels left.
You didn't know any spells.
Your spell library contained the following spells:

 Spells                   Type           Power      Damage    Failure   Level
 Volatile Blastmotes      Fire/Tloc      0%         2d10      100%        3
 Fulminant Prism          Conj/Hex       0%         3d5       100%        4
 Iskenderun's Mystic Bla  Conj/Tloc      0%         2d3       100%        4


Dungeon Overview and Level Annotations

Branches:
Dungeon (2/15)

Altars:
Gozag


Innate Abilities, Weirdness & Mutations

You have sharp fingernails.
You are partially covered in yellow scales. (AC +2)


Message History

You kill the ball python!
You feel very sick. The adder bites you but does no damage.
You hit the adder but do no damage.
You feel sick. The adder bites you but does no damage.
The adder barely misses you.
You miss the adder.
You feel sick. The adder bites you but does no damage. The adder bites you.
You barely miss the adder.
You feel sick. The adder bites you but does no damage.
You barely miss the adder.
You feel sick.
You are no longer poisoned.
The adder barely misses you. The adder bites you.
You closely miss the adder. The adder bites you.
You are poisoned.
The adder poisons you! The adder bites you but does no damage.
You hit the adder.
The adder is moderately wounded.
You feel very sick. The adder bites you but does no damage.
The adder barely misses you.
You hit the adder.
The adder is almost dead.
You feel sick. The adder bites you but does no damage.
A kobold comes into view. It is wielding a +0 club.
The adder bites you.
* * * LOW HITPOINT WARNING * * *
You are lethally poisoned!
The adder poisons you!
Okay, then.
You closely miss the adder.
The adder is almost dead.
* * * LOW HITPOINT WARNING * * *
You feel very sick.
The kobold shouts!
The adder bites you but does no damage.
You slash the adder!
You kill the adder!
* * * LOW HITPOINT WARNING * * *
You feel sick.
Your Invocations skill increases to level 1!
You die...

#...........#
......#...........
......#........... .
#....#.......# ..
#.......†....#
...####............#
............._.....#####
....K..............'....
.......@...........#####
#.............#....# #
#..................# #
......................
.....##...........####
..... #..#######..# ....
##.# ..... .... ... ....


You could see a kobold.

Vanquished Creatures
  A gnoll (D:1)
  An adder (D:2)
  A dart slug (D:2)
  3 bats (D:1)
  4 endoplasms (D:1)
  A giant cockroach (D:1)
  A hobgoblin (D:1)
  11 jackals (D:1)
  3 ball pythons
  2 frilled lizards (D:1)
  3 goblins (D:1)
  A kobold (D:1)
  2 rats (D:1)
34 creatures vanquished.

Notes
Turn   | Place    | Note
-------+----------+-------------------------------------------
     0 | D:1      | Revguard the Demonspawn Gladiator began the quest for the
                  | Orb.
     0 | D:1      | Reached XP level 1. HP: 16/16 MP: 1/1
   109 | D:1      | Gained mutation: You have sharp fingernails. [demonic
                  | ancestry]
   109 | D:1      | Reached XP level 2. HP: 22/22 MP: 2/2
   165 | D:1      | Found a faded altar of an unknown god.
   343 | D:1      | Gained mutation: You are partially covered in yellow
                  | scales. (AC +2) [demonic ancestry]
   343 | D:1      | Reached XP level 3. HP: 19/28 MP: 3/3
   353 | D:1      | Reached skill level 1 in Armour
   822 | D:2      | Found an opulent altar of Gozag.
   856 | D:2      | HP: 1/28 [poisoned by an adder]
   857 | D:2      | Reached skill level 1 in Invocations
   857 | D:2      | Succumbed to an adder's poison

Illustrated notes

Levels and vault maps discovered:
D:1:      dpeg_arrival_arbitrary_b, layout_loops_ring,
          hellmonk_ecumenical_altar_lost_god, reono_crystal_passage
D:2:      layout_basic, basic_altar, serial_shops, shop

Skill      XL: |  1  2  3 |
---------------+----------+-----
Dodging        | 3 |  3.1
Armour         | 1 |  1.1
Axes           | 3 |  3.0
Invocations    | 1 |  1.0
Fighting       | |  2.5
Throwing       | |  1.7
Evocations     | |  0.9

Action                     || total
---------------------------++-------
  Melee: War axe           ||   103
         Punch             ||     1
    Use: Scroll            ||     2
 Armour: Leather armour    ||    20
         Chain mail        ||    74
  Dodge: Dodged            ||    82

Table legend: (Time is in decaauts)
 A = Elapsed time spent in this place.
 B = Non-inter-level travel time spent in this place.
 C = Inter-level travel time spent in this place.
 D = Time resting spent in this place.
 E = Time spent auto-exploring this place.
 F = Levels seen in this place.
 G = Mean time per level.
                   A        B        C        D        E       F      G
               +--------+--------+--------+--------+--------+-----+--------+
         Total |    894 |    873 |     21 |      0 |    597 |   2 |  447.0 |
       Dungeon |    894 |    873 |     21 |      0 |    597 |   2 |  447.0 |
               +--------+--------+--------+--------+--------+-----+--------+

Top non-repeatable levels by time:
     D:1: 836 daAuts
     D:2: 57 daAuts
